 Dungeon Sprint DCSS version 0.30-a0-1112-gfb780f5df6 (webtiles) character file.

Game seed: 1070968577711665566

2 sircluck the Chopper (level 1, 0/20 HPs)
             Began as a Hill Orc Berserker on Apr 19, 2023.
             Was a Believer of Trog.
             Slain by Jessica
             ... wielding a +0 dagger
              (7 damage)
             ... in the Dungeon (Sprint III: "The Ten Rune Challenge").
             The game lasted 00:00:07 (31 turns).

sircluck the Chopper (Hill Orc Berserker)             Turns: 31, Time: 00:00:08

Health: 0/20       AC:  2    Str: 19    XL:     1   Next: 30%
Magic:  1/1        EV: 12    Int:  7    God:    Trog [**....]
Gold:   0          SH:  0    Dex: 10    Spells: 0/0 levels left

rFire   . . .      SeeInvis .    a - +0 hand axe
rCold   . . .      Faith    .    (no shield)
rNeg    . . .      Spirit   .    b - +0 animal skin
rPois   .          Reflect  .    (no helmet)
rElec   .          Rampage  .    (no cloak)
rCorr   .          NoTele   +    (no gloves)
Will    .....                    (no boots)
Stlth   +                        (no amulet)
HPRegen 0.23/turn                (no ring)
MPRegen 0.07/turn                (no ring)

@: no status effects
A: no striking features
a: Renounce Religion, Berserk, Trog's Hand


You were in the Dungeon.
You worshipped Trog.
Trog was pleased with you.
You visited 1 branch

Inventory:

Hand Weapons
 a - a +0 hand axe (weapon)
Armour
 b - a +0 animal skin (worn)
Scrolls
 h - a scroll of blinking
Potions
 c - a potion of curing
 d - a potion of heal wounds
 e - a potion of haste
 f - 2 potions of magic
 g - 2 potions of berserk rage


   Skills:
 + Level 4.1 Fighting
 + Level 4.5 Axes
 + Level 2.3 Armour
 + Level 1.7 Dodging


You couldn't memorise any spells.
You didn't know any spells.
Your spell library was empty.

Dungeon Overview and Level Annotations

Branches:
Dungeon (1/1)

Altars:

Annotations:
D Jessica


Message History

You barely miss the rat. The rat misses you.
You closely miss the rat. The rat bites you.
You hit the rat but do no damage. The rat barely misses you.
You hit the rat.
You kill the rat!
Trog accepts your kill.
Your Fighting skill increases to level 4!
No target in view!
No target in view!
No target in view!
No target in view!
No target in view!
No target in view!
No target in view!
HP restored.
You see here a rat corpse.
g - 2 potions of berserk rage (gained 1) As you open the door, it creaks loudly!
Jessica the Apprentice Sorceress comes into view.
She is wielding a +0 dagger.
A rat comes into view.
There are monsters nearby!
Found a grey potion.
Jessica hits you with a +0 dagger.
There is an open door here.
You hit Jessica but do no damage.
Jessica drinks a potion.
Jessica suddenly seems more resistant.
Unknown command.
You hit Jessica.
Jessica is lightly wounded.
You hit the rat.
You kill the rat!
Trog accepts your kill.
You can now call upon Trog for regeneration and willpower.
Jessica hits you with a +0 dagger.
You barely miss Jessica.
Jessica is lightly wounded.
Jessica closely misses you.
You hit Jessica.
Jessica is heavily wounded.
Jessica hits you with a +0 dagger. Jessica hits you with a +0 dagger!
You die...

▓▓▓▓
▓<.#
▓..#
▓#'####
▓.††..#
▓.....#
▓.....#
▓####@#
▓!...@#
▓.....#
▓.....#
▓+#####


You could see Jessica (resistant).

Vanquished Creatures
  3 rats (D)
3 creatures vanquished.

Notes
Turn   | Place    | Note
-------+----------+-------------------------------------------
     0 | D        | sircluck the Hill Orc Berserker began the quest for the
                  | Orb.
     0 | D        | Reached XP level 1. HP: 19/19 MP: 1/1
    26 | D        | Noticed Jessica
    29 | D        | Reached ** piety under Trog
    31 | D        | Slain by Jessica

Illustrated notes

Levels and vault maps discovered:
D:        dungeon_sprint_mu [sprint_mu_entry_forest, sprint_mu_temple_rooms,
          sprint_mu_d1_horrors, sprint_mu_d2_genie, sprint_mu_d3_branching,
          sprint_mu_orc_legion, sprint_mu_elf_gauntlet, sprint_mu_hive_nellie,
          sprint_mu_lair_fedhas, sprint_mu_vaults_butterflies,
          sprint_mu_slime_circle, sprint_mu_shoals_archi,
          sprint_mu_snake_twists, sprint_mu_blade_basic,
          sprint_mu_crypt_fortress, sprint_mu_tomb_spiral,
          sprint_mu_vestibule_basic, sprint_mu_gehenna_hellfire,
          sprint_mu_dis_giant, sprint_mu_tartarus_statrot,
          sprint_mu_cocytus_islands, sprint_mu_zot1]

Skill      XL: |  1 |
---------------+----+-----
Fighting       | 4 |  4.1
Axes           | |  4.5
Armour         | |  2.3
Dodging        | |  1.7

Action                     || total
---------------------------++-------
  Melee: Hand axe          ||    11
  Dodge: Dodged            ||     5

Table legend: (Time is in decaauts)
 A = Elapsed time spent in this place.
 B = Non-inter-level travel time spent in this place.
 C = Inter-level travel time spent in this place.
 D = Time resting spent in this place.
 E = Time spent auto-exploring this place.
 F = Levels seen in this place.
 G = Mean time per level.
                   A        B        C        D        E       F      G
               +--------+--------+--------+--------+--------+-----+--------+
         Total |     31 |     31 |      0 |      0 |     17 |   1 |   31.0 |
       Dungeon |     31 |     31 |      0 |      0 |     17 |   1 |   31.0 |
               +--------+--------+--------+--------+--------+-----+--------+

Top non-repeatable levels by time:
       D: 31 daAuts
